 Dungeon Crawl Stone Soup version 0.26-a0-663-g36e8fdb655 (webtiles) character file.

Game seed: 8123831140056828719

414 looop the Chiller (level 6, -8/41 HPs)
             Began as a Demonspawn Ice Elementalist on Oct 12, 2020.
             Mangled by Menkaure (17 damage)
             ... on level 4 of the Dungeon.
             The game lasted 00:07:46 (3840 turns).

looop the Chiller (Demonspawn Ice Elementalist)     Turns: 3840, Time: 00:07:47

Health: -8/41      AC:  6    Str:  8    XL:     6   Next: 60%
Magic:  4/12       EV: 11    Int: 19    God:
Gold:   202        SH:  0    Dex: 13    Spells: 2/13 levels left

rFire    . . .     SeeInvis +   f - +0 whip
rCold    . . .     Faith    .   (no shield)
rNeg     . . .     Spirit   .   e - +0 leather armour
rPois    .         Reflect  .   (no helmet)
rElec    .         Harm     .   l - +0 cloak
rCorr    .         Rampage  .   (no gloves)
MR       .....                  (no boots)
Stlth    ++........             (no amulet)
HPRegen  0.13/turn              h - ring of see invisible
MPRegen  0.13/turn              (no ring)

@: frozen ramparts, very slightly contaminated
A: talons 1, thin metallic scales 1, powered by death 1
a: no special abilities


You were on level 4 of the Dungeon.
You visited 1 branch of the dungeon, and saw 4 of its levels.

You collected 202 gold pieces.

Inventory:

Hand Weapons
 f - a +0 whip (weapon)
Missiles
 b - 91 stones (quivered)
 s - 8 boomerangs
 x - 4 curare-tipped darts
Armour
 a - a +0 robe
 e - a +0 leather armour (worn)
 l - a +0 cloak (worn)
Jewellery
 h - a ring of see invisible (left hand)
Wands
 u - a wand of enslavement (2)
 w - a wand of random effects (23)
Scrolls
 c - 8 scrolls of identify {unknown}
 i - 9 scrolls of teleportation {unknown}
 k - 5 scrolls of remove curse {unknown}
 m - 2 scrolls of enchant armour {unknown}
 n - 3 scrolls of amnesia {unknown}
 o - a scroll of immolation {unknown}
 p - a scroll of enchant weapon {unknown}
 y - a scroll of fog {unknown}
Potions
 d - 3 potions of resistance {unknown}
 g - a potion of mutation {unknown}
 j - a potion of degeneration {unknown}
 q - a potion of brilliance {unknown}
 r - a potion of heal wounds {unknown}
 t - a potion of curing {unknown}
 v - a potion of might {unknown}


   Skills:
 - Level 1.7 Dodging
 - Level 1.7 Stealth
 + Level 4.0 Spellcasting
 * Level 6.3 Ice Magic


You had 2 spell levels left.
You knew the following spells:

 Your Spells              Type           Power        Failure   Level
a - Freeze                Ice            ####         1%          1
b - Frozen Ramparts       Ice            ####..       4%          3
c - Ozocubu's Armour      Ice            ####....     4%          3
d - Hailstorm             Conj/Ice       ###.....     47%         4

Your spell library contained the following spells:

 Spells                   Type           Power        Failure   Level
 Summon Ice Beast         Ice/Summ       ###.....     47%         4
 Confusing Touch          Hex            #.......     52%         3
 Gell's Gravitas          Tloc           #.........   52%         3
 Metabolic Englaciation   Hex/Ice        ###.......   83%         5
 Petrify                  Tmut/Erth      #.......     89%         4
 Yara's Violent Unravell  Hex/Tmut       #.........   99%         5


Dungeon Overview and Level Annotations

Branches:
Dungeon (4/15)
 Temple: D:4-7

Altars:
Ashenzari
Dithmenos
Makhleb
Okawaru
Qazlal
Zin

Annotations:
D:4 3 runed translucent doors, Menkaure; Whiskey's ghost, novice OpSu


Innate Abilities, Weirdness & Mutations

You have sharp toenails.
You are partially covered in thin metallic scales. (AC +2)
You regenerate a little health from kills.


Message History

Aiming: Freeze (safe; 1% risk of failure)
Press: ? - help, Shift-Dir - straight line, f - Menkaure
Aim: Menkaure (heavily damaged, fast) Menkaure resists.
You freeze Menkaure.
Menkaure is severely damaged.
The wall freezes Menkaure but do no damage.
Menkaure hits you!
* * * LOW HITPOINT WARNING * * *
Casting: Freeze (safe; 1% risk of failure)
Confirm with . or Enter, or press ? or * to list all spells.
Aiming: Freeze (safe; 1% risk of failure)
Press: ? - help, Shift-Dir - straight line, f/p - Menkaure
Aim: Menkaure (severely damaged, fast) Menkaure resists.
You freeze Menkaure.
Menkaure is severely damaged.
Menkaure resists.
The wall freezes Menkaure.
Menkaure closely misses you.
Menkaure completely resists.
The wall freezes Menkaure but do no damage.
Menkaure hits you!
You die...

. #...#....#
###.....###.##
.⌠.##+##.⌠#..###
#.........#....#
.#.......#.###.#
.#......†#...#.##
.'..._...+...#..##
.#.......#...#...#
##.......####...@##
#.........#.....#M##
.⌠.##+.#.⌠#.....##.###
####...#.##...#####..#
...#...#.....#
#..(.....
#..#...#.....#
..#######
##.##+.#.##### #..#
#.......# #.##
######### ..


You could see Menkaure (fast).

Vanquished Creatures
  Edmund (D:4)
  A sky beast (D:4)
  Natasha (thrice) (D:2)
  An iguana (D:4)
  4 adders
  2 worms
  3 dart slugs
  3 leopard geckos
  An orc (D:3)
  8 bats
  3 giant cockroaches
  7 goblins
  4 hobgoblins
  5 jackals (D:2)
  2 quokkas
  4 frilled lizards
  6 kobolds
  8 rats
66 creatures vanquished.

Notes
Turn   | Place    | Note
-------+----------+-------------------------------------------
     0 | D:1      | looop the Demonspawn Ice Elementalist began the quest for
                  | the Orb.
     0 | D:1      | Reached XP level 1. HP: 13/13 MP: 3/3
   330 | D:1      | Gained mutation: You have sharp toenails. [demonic
                  | ancestry]
   330 | D:1      | Reached XP level 2. HP: 19/19 MP: 3/5
   412 | D:1      | Reached skill level 4 in Ice Magic
  1205 | D:2      | Reached XP level 3. HP: 15/24 MP: 1/6
  1254 | D:1      | Learned a level 3 spell: Frozen Ramparts
  1258 | D:1      | Learned a level 3 spell: Ozocubu's Armour
  1654 | D:2      | Noticed Natasha
  1663 | D:2      | Killed Natasha
  1663 | D:2      | Gained mutation: You regenerate a little health from kills.
                  | [demonic ancestry]
  1663 | D:2      | Reached XP level 4. HP: 13/30 MP: 0/8
  2090 | D:2      | Noticed Natasha
  2099 | D:2      | Killed Natasha
  2099 | D:2      | Reached skill level 5 in Ice Magic
  2277 | D:2      | Noticed Natasha
  2282 | D:2      | Killed Natasha
  2410 | D:3      | Reached XP level 5. HP: 33/35 MP: 5/9
  2801 | D:3      | Found a glowing silver altar of Zin.
  2953 | D:3      | Found an iron altar of Okawaru.
  2954 | D:3      | Found a burning altar of Makhleb.
  2957 | D:3      | Found a shadowy altar of Dithmenos.
  3039 | D:3      | Found a stormy altar of Qazlal.
  3412 | D:4      | Found a broken altar of Ashenzari.
  3494 | D:4      | Found a runed translucent gate.
  3508 | D:4      | Noticed Edmund
  3530 | D:4      | Found a runed translucent gate.
  3531 | D:4      | Found a runed translucent gate.
  3531 | D:4      | Noticed Whiskey's ghost (novice OpSu)
  3534 | D:4      | Killed Edmund
  3534 | D:4      | Reached skill level 6 in Ice Magic
  3534 | D:4      | Gained mutation: You are partially covered in thin metallic
                  | scales. (AC +2) [demonic ancestry]
  3534 | D:4      | Reached XP level 6. HP: 19/41 MP: 3/11
  3606 | D:4      | Learned a level 4 spell: Hailstorm
  3741 | D:4      | Noticed a sky beast
  3748 | D:4      | Killed a sky beast
  3830 | D:4      | Noticed Menkaure
  3840 | D:4      | Mangled by Menkaure

Illustrated notes

Levels and vault maps discovered:
D:1:      mrwooster_arrival_statue, layout_basic
D:2:      layout_loops_ring, uniq_natasha
D:3:      layout_loops_ring, old_standard_altar, nicolae_overflow_hidden_temple,
          lemuel_doored_altar, kennysheep_generic_room_10
D:4:      layout_cave_pods, evilmike_ruin_ashenzari,
          minmay_temple_entry_statues_pillars, ebering_ghost_rock_garden,
          minmay_manual_mullet, uniq_edmund, uniq_menkaure, uniq_duvessa

Skill      XL: |  1  2  3  4  5  6 |
---------------+-------------------+-----
Ice Magic      | 4 5 6 |  6.3
Spellcasting   | 3 4 |  4.0
Dodging        | |  1.7
Stealth        | |  1.7

Action                   |  1- 3 |  4- 6 || total
-------------------------+-------+-------++-------
Melee: Whip              |    21 |    43 ||    64
       Kick              |     2 |     7 ||     9
Throw: Stone             |    30 |     2 ||    32
 Cast: Freeze            |    30 |    13 ||    43
       Frozen Ramparts   |     2 |    18 ||    20
       Ozocubu's Armour  |     1 |       ||     1
Armor: Leather armour    |     7 |    14 ||    21
       Robe              |     1 |       ||     1
Dodge: Dodged            |    38 |    31 ||    69

Table legend: (Time is in decaauts)
 A = Elapsed time spent in this place.
 B = Non-inter-level travel time spent in this place.
 C = Inter-level travel time spent in this place.
 D = Time resting spent in this place.
 E = Time spent auto-exploring this place.
 F = Levels seen in this place.
 G = Mean time per level.
                   A        B        C        D        E       F      G
               +--------+--------+--------+--------+--------+-----+--------+
         Total |   3848 |   3762 |     86 |    518 |   2683 |   4 |  962.0 |
       Dungeon |   3848 |   3762 |     86 |    518 |   2683 |   4 |  962.0 |
               +--------+--------+--------+--------+--------+-----+--------+

Top non-repeatable levels by time:
     D:1: 1574 daAuts
     D:3: 952 daAuts
     D:2: 839 daAuts
     D:4: 482 daAuts
